 Dungeon Crawl Stone Soup version 0.14-a0-3315-g09e681a (webtiles) character file.

232 Kae the Ruffian (level 4, -8/35 HPs)
             Began as a Draconian Transmuter on Mar 15, 2014.
             Mangled by a gnoll
             ... wielding a cursed -1,+0 spear
              (10 damage)
             ... while paralysed by a potion of paralysis
             ... on Level 3 of the Dungeon.
             The game lasted 00:03:51 (2439 turns).

Kae the Ruffian (Draconian Transmuter)              Turns: 2439, Time: 00:03:51

HP  -8/35        AC  5     Str 13      XL: 4   Next: 58%
MP   6/7         EV  2     Int 13      God:
Gold 124         SH  0     Dex 12      Spells:  1 memorised,  6 levels left

rFire  x . .     SeeInvis .       - Unarmed
rCold  + . .     Clarity  .     (armour unavailable)
rNeg   + . .     Conserve +     (no shield)
rPois  .         rCorr    .     (helmet restricted)
rElec  .         rRot     .     (no cloak)
SustAb . .       Spirit   .     (no gloves)
rMut   .         Warding  .     (no boots)
Saprov . . .     Stasis   .     m - amulet of conservation
MR     .....                    l - ring of ice
                                g - ring of positive energy

@: appendage, paralysed, not resistant to hostile enchantments, unstealthy
A: unfitting armour, horns 2, AC +5
a: End Transformation


You were on level 3 of the Dungeon.
You were hungry.
You had grown temporary horns.
You visited 1 branch of the dungeon, and saw 3 of its levels.

You collected 124 gold pieces.

Inventory:

Missiles
 b - 28 arrows
 n - 14 arrows of flame
Comestibles
 a - 3 bread rations
 f - a choko
 o - an apple
Scrolls
 j - a scroll of enchant armour
 q - a scroll of remove curse
Jewellery
 g - a ring of positive energy (left hand)
 h - an uncursed amulet of resist corrosion {unknown}
 l - a ring of ice (right hand)
 m - an amulet of conservation (around neck)
Potions
 c - a potion of paralysis
 e - a potion of flight {unknown}
 k - a potion of might {unknown}
 p - a potion of curing {unknown}
Books
 d - a book of Changes

   Spells                             Type                      Level
   *Beastly Appendage                 Transmutation                1
   Sticks to Snakes                   Transmutation                2
   Spider Form                        Transmutation/Poison         3
   Ice Form                           Ice/Transmutation            4
   Blade Hands                        Transmutation                5


   Skills:
 - Level 1.1 Fighting
 - Level 1.7 Dodging
 * Level 4.8 Unarmed Combat
 - Level 2.0 Spellcasting
 + Level 3.1 Transmutations


You had 6 spell levels left.
You knew the following spells:

 Your Spells              Type           Power        Failure   Level  Hunger
a - Beastly Appendage     Trmt           #.....       10%         1    ##.....


Dungeon Overview and Level Annotations

Branches:
Dungeon (3/15)

Altars:
Makhleb


Innate Abilities, Weirdness & Mutations

Your plain brown scales are hard (AC +5).
Your body does not fit into most forms of armour.
Your cold-blooded metabolism reacts poorly to cold.
You have a pair of horns on your head.


Message History

The gnoll is moderately wounded.
The gnoll barely misses you.
You barely miss the gnoll. You headbutt the gnoll.
Your tail-slap misses the gnoll.
The gnoll is moderately wounded.
The gnoll hits you with a spear.
You barely miss the gnoll.
The gnoll is moderately wounded.
The gnoll hits you with a spear!
* * * LOW HITPOINT WARNING * * *
You barely miss the gnoll.
The gnoll is moderately wounded.
You closely miss the gnoll.
Your tail-slap misses the gnoll.
The gnoll is moderately wounded.
The gnoll hits you with a spear.
* * * LOW HITPOINT WARNING * * *
Drink which item? (? for menu, Esc to quit)
You suddenly lose the ability to move!
It was a potion of paralysis.
The gnoll hits you with a spear!
You die...

#.............
#.####g#
#....#.#
######...>..#
#<...#...##g#
####.#.%%...#
###.#..######.#
#...#.........#
#@#####.#######
#.g.....#
#########


You could see a gnoll.

Vanquished Creatures
  3 adders (D:2)
  A gnoll (D:3)
  2 giant geckos (D:1)
  A ball python (D:1)
  9 bats
  3 giant cockroaches
  10 goblins
  10 hobgoblins
  8 jackals
  4 kobolds
  A quokka (D:2)
  3 giant newts (D:1)
  4 rats
59 creatures vanquished.

Notes
Turn   | Place    | Note
--------------------------------------------------------------
     0 | D:1      | Kae, the Draconian Transmuter, began the quest for the Orb.
     0 | D:1      | Reached XP level 1. HP: 16/16 MP: 3/3
   400 | D:1      | Reached XP level 2. HP: 23/23 MP: 4/4
   830 | D:1      | Reached XP level 3. HP: 28/28 MP: 6/6
   985 | D:1      | Reached skill level 4 in Unarmed Combat
  1744 | D:2      | Reached XP level 4. HP: 21/35 MP: 7/7
  1992 | D:2      | Found a burning altar of Makhleb.
  2439 | D:3      | Paralysed by a potion of paralysis for 7 turns
  2439 | D:3      | Mangled by a gnoll

Action                   |  1- 3 |  4- 6 || total
-------------------------+-------+-------++-------
Melee: Unarmed           |   173 |    55 ||   228
 Cast: Beastly Appendage |     3 |     4 ||     7
  Use: Scroll            |     4 |     1 ||     5
       Potion            |       |     1 ||     1
